 Dungeon Crawl Stone Soup version 0.21.0-24-g2553a33 (webtiles) character file.

156 shitimlost the Skirmisher (level 5, -2/47 HPs)
             Began as a Ghoul Assassin on Jan 20, 2018.
             Slain by Grinder (6 damage)
             ... while paralysed by Grinder
             ... on level 3 of the Dungeon.
             The game lasted 00:10:36 (4187 turns).

shitimlost the Skirmisher (Ghoul Assassin)          Turns: 4187, Time: 00:10:36

Health: -2/47      AC:  3    Str: 15    XL:     5   Next: 37%
Magic:  4/4        EV:  2    Int:  6    God:
Gold:   76         SH:  0    Dex: 11    Spells: 4/4 levels left

rFire    . . .     SeeInvis .     - Unarmed
rCold    + . .     Gourm    .   (no shield)
rNeg     + + +     Faith    .   c - +0 robe
rPois    ∞         Spirit   .   o - +0 hat
rElec    .         Reflect  .   d - +0 cloak
rCorr    .         Harm     .   (no gloves)
MR       .....                  (no boots)
Stlth    ++........             (no amulet)
HPRegen  0.00/turn              (no ring)
MPRegen  0.09/turn              (no ring)

@: paralysed, rotting
A: rotting body, claws 1, carnivore, cold resistance 1, negative energy
resistance 3, inhibited regeneration, torment resistance, unbreathing
a: no special abilities


You were on level 3 of the Dungeon.
You were not hungry.

You visited 1 branch of the dungeon, and saw 4 of its levels.
You also visited: Sewer.

You collected 76 gold pieces.

Inventory:

Hand Weapons
 a - a +2 dagger
 b - a +0 blowgun
 i - a +2 vampiric dagger
 t - a +0 hand axe
Missiles
 e - 31 poisoned needles
 f - 2 curare-tipped needles
 k - 48 bolts
 l - 5 needles of sleeping
 m - 44 stones (quivered)
Armour
 c - a +0 robe (worn)
 d - a +0 cloak (worn)
 j - a +0 helmet
 o - a +0 hat (worn)
 p - a +0 scale mail
 s - a +0 scale mail
Scrolls
 n - 3 scrolls of teleportation
 q - a scroll of amnesia {unknown}
 r - a scroll of blinking {unknown}
 u - 3 scrolls of remove curse {unknown}
 v - a scroll of enchant weapon {unknown}
 y - a scroll of magic mapping {unknown}
Potions
 h - 2 potions of curing
 w - a potion of lignification
 x - a potion of might {unknown}
 z - a potion of magic {unknown}
Comestibles
 g - 3 rations
 A - 2 chunks of flesh


   Skills:
 + Level 4.4 Fighting
 - Level 1.7 Short Blades
 - Level 1.7 Throwing
 - Level 0.8 Dodging
 - Level 4.3 Stealth
 + Level 3.6 Unarmed Combat


You had 4 spell levels left.
You didn't know any spells.

Dungeon Overview and Level Annotations

Branches:
Dungeon (4/15)
 Temple: D:4-7

Altars:
Nemelex Xobeh

Shops:
D:4 [

Annotations:
D:3 Grinder; Rem's ghost, weakling MfGl


Innate Abilities, Weirdness & Mutations

Your body is rotting away.
You thrive on raw meat.
You are immune to poison.
You have sharp fingernails.
You are carnivorous and can eat meat at any time.
Your flesh is cold resistant. (rC+)
You are immune to negative energy. (rN+++)
You do not regenerate when monsters are visible.
You are immune to unholy pain and torment.
You can survive without breathing.


Message History

Grinder gestures at you. You resist with significant effort.
You scratch Grinder.
Grinder is heavily wounded.
Grinder hits you!
You scratch Grinder.
Grinder is heavily wounded.
Grinder hits you.
You scratch Grinder.
Grinder is heavily wounded.
Grinder closely misses you.
You feel better. Grinder gestures at you.
You suddenly lose the ability to move!
Grinder hits you!
* * * LOW HITPOINT WARNING * * *
Grinder hits you!
* * * LOW HITPOINT WARNING * * *
Grinder hits you.
You die...

#########
.......>#
#######5#
#@# #.#
#.# #.#
#.. ###


You could see Grinder.

Vanquished Creatures
  Jessica (D:2)
  5 adders
  A worm (D:2)
  2 dart slugs (D:1)
  6 leopard geckos
  3 ball pythons
  6 giant cockroaches
  5 goblins
  3 hobgoblins
  4 jackals (Sewer)
  2 quokkas
  8 bats
  9 frilled lizards
  A giant cockroach zombie (D:4)
  12 kobolds
  7 rats
  5 plants (Sewer)
80 creatures vanquished.

Vanquished Creatures (others)
  A plant (Sewer)
1 creature vanquished.

Grand Total: 81 creatures vanquished

Notes
Turn   | Place    | Note
-------+----------+-------------------------------------------
     0 | D:1      | shitimlost the Ghoul Assassin began the quest for the Orb.
     0 | D:1      | Reached XP level 1. HP: 17/17 MP: 0/0
   102 | D:1      | Reached skill level 1 in Unarmed Combat
   783 | D:1      | Reached XP level 2. HP: 23/25 MP: 1/1
  1248 | D:1      | Reached XP level 3. HP: 31/31 MP: 2/2
  1364 | D:2      | Noticed Jessica
  1377 | D:2      | Killed Jessica
  1654 | D:2      | Reached XP level 4. HP: 30/38 MP: 3/3
  1854 | D:2      | Found a sparkling altar of Nemelex Xobeh.
  2657 | D:3      | Noticed Rem's ghost (weakling MfGl)
  2692 | D:4      | Noticed a phantom
  2787 | D:4      | Found a glowing drain.
  2819 | D:4      | Reached XP level 5. HP: 13/46 MP: 4/4
  2835 | Sewer    | Entered a sewer
  4158 | D:4      | Found Numompuw's Armour Emporium.
  4167 | D:3      | Noticed Grinder
  4184 | D:3      | Paralysed by Grinder for 7 turns
  4187 | D:3      | Slain by Grinder

Skill      XL: |  1  2  3  4 |
---------------+-------------+-----
Unarmed Combat | 1 2 3 |  3.6
Fighting       | 3 4 |  4.4
Short Blades   | |  1.7
Throwing       | |  1.7
Dodging        | |  0.8
Stealth        | |  4.3

Action                   |  1- 3 |  4- 6 || total
-------------------------+-------+-------++-------
Melee: Unarmed           |    22 |   279 ||   301
       Dagger            |    79 |   176 ||   255
       Punch             |       |     6 ||     6
  Use: Scroll            |       |     4 ||     4
       Potion            |       |     3 ||     3
 Stab: Sleeping          |     4 |     9 ||    13
       Distracted        |       |     1 ||     1
  Eat: Chunk             |     3 |     6 ||     9
       Ration            |       |     2 ||     2
Armor: Robe              |    37 |    69 ||   106
Dodge: Dodged            |    58 |   126 ||   184
